cohdb
Replays
Latest Replays
All Replays
Popular Replays
Top Player Replays
Match Explorer
How It Works
Community
CoH3 Stats
Reddit
Sign in to upload your games and track your stats! →
Sign in with Steam
Match 45243010
Unlisted
Match 45243010
Overview
Messages
Build Orders
End
Selects Special Operations Battlegroup
Selects Special Operations Battlegroup
Selects Special Operations Battlegroup
Selects M29 Weasel Recon Vehicle
M29 Weasel Recon Vehicle
Construct Barracks
Riflemen Squad
Riflemen Squad
Grenade Package
Riflemen Squad
Infantry Support Center
Construct Weapon Support Center
M1918 Browning Automatic Rifles
M3 Armored Personnel Carrier
Selects P-47 Anti-Infantry Loiter
Selects UNKNOWN (2162291)
Demolitions Package
P-47 Anti-Infantry Loiter
Advanced Logistics
Engineer Squad
M3 Armored Personnel Carrier
Selects Smoke Screen
Selects SSF Commando Squad
STALKER4732
kit.ohume
1st SubStar
companyHOLLAND
0
0
Comments
sign in to comment!
No comments posted yet!